 Dungeon Sprint DCSS version 0.19.5 (webtiles) character file.

17 equalderp2856 the Caller (level 2, 0/11 HPs)
             Began as a Felid Summoner on Mar 8, 2017.
             Slain by a quasit (2 damage)
             ... in the Dungeon (Sprint VII: "The Pits").
             The game lasted 00:01:46 (537 turns).

equalderp2856 the Caller (Felid Summoner)            Turns: 537, Time: 00:01:47

Health: 0/11       AC:  1    Str:  4      XL:     2   Next: 44%
Magic:  1/6        EV: 18    Int: 16      God:
Gold:   0          SH:  0    Dex: 14 (16) Spells: 1 memorised, 5 levels left
                                        Lives:  0   Deaths: 0

rFire  . . .     SeeInvis +     (weapon unavailable)
rCold  . . .     Gourm    .     (armour unavailable)
rNeg   . . .     Faith    .     (shield unavailable)
rPois  .         Spirit   .     (helmet unavailable)
rElec  .         Reflect  .     (cloak unavailable)
rCorr  .         Harm     .     (gloves unavailable)
MR     .....     NoTele   +     (boots unavailable)
Stlth  +++.......               (no amulet)
                                (no ring)
                                (no ring)

@: quick
A: no armour, no weapons or thrown items, stealth, claws 1, fangs 3, see
invisible, carnivore 3, speed 1, shaggy fur 1, slow metabolism 1, sharp paws
a: no special abilities


You were in the Dungeon.
You were not hungry.

You visited 1 branch

Inventory:

Scrolls
 h - a scroll of blinking
Potions
 c - a potion of curing
 d - a potion of heal wounds
 e - a potion of haste
 f - 2 potions of magic
 g - a potion of berserk rage
Books
 a - a book of Callings

   Spells                             Type                      Level
   a - Summon Small Mammal            Summoning                    1
   b - Call Imp                       Summoning                    2
   c - Call Canine Familiar           Summoning                    3
   d - Summon Guardian Golem          Hexes/Summoning              3
   e - Summon Lightning Spire         Summoning/Air                4
   f - Summon Ice Beast               Ice/Summoning                4
Comestibles
 b - a meat ration


   Skills:
 + Level 0.2 Fighting
 + Level 3.0 Dodging
 + Level 3.6 Stealth
 + Level 0.2 Unarmed Combat
 + Level 2.7 Spellcasting
 + Level 5.7 Summonings


You had 5 spell levels left.
You knew the following spells:

 Your Spells              Type           Power        Failure   Level  Hunger
a - Summon Small Mammal   Summ           ###.         1%          1    #......


Dungeon Overview and Level Annotations

Branches:
Dungeon (1/1)

Altars:


Innate Abilities, Weirdness & Mutations

You cannot wear armour.
You are incapable of wielding weapons or throwing items.
Your paws allow you to move quietly. (Stealth)
You have sharp claws.
You have razor-sharp teeth.
You have supernaturally acute eyesight. (SInv)
You are carnivorous and can eat meat at any time.
You cover ground quickly.
You are covered in fur. (AC +1)
You have a slow metabolism.
Your sharp claws are effective at attacking unaware monsters.


Message History

Your quokka bites the quasit but does no damage.
You close the door.
A quasit opens the door.
Your quokka misses the quasit.
Casting: Summon Small Mammal
Confirm with . or Enter, or press ? or * to list all spells.
Your quokka disappears in a puff of smoke!
The quasit closely misses you. The quasit barely misses you.
The quasit claws you.
You feel clumsy.
Your quokka barely misses the quasit.
Your quokka completely misses the quasit.
The quasit completely misses you. The quasit claws you.
You feel clumsy.
The quasit claws you but does no damage.
There is a huge open gate to the Grid Vault (Hard) here.
The quasit bites you.
* * * LOW HITPOINT WARNING * * *
The quasit claws you.
* * * LOW HITPOINT WARNING * * *
The quasit claws you.
You die...

# #.
#..################
#..................
#..................
##########'@######
#+###########5'######
#.##........r.......#
+.##......#..#......#
###.##................+
.....'................+
'#####......#..#......#
.# #................#
.# ####'#####++######


You could see a quasit and a friendly quokka.

Vanquished Creatures
  A leopard gecko (D)
  A hobgoblin (D)
2 creatures vanquished.

Vanquished Creatures (collateral kills)
  A river rat (D)
  An ufetubus (D)
  An ooze (D)
  An orc (D)
  A bat (D)
  2 rats (D)
7 creatures vanquished.

Grand Total: 9 creatures vanquished

Notes
Turn   | Place    | Note
-------+----------+-------------------------------------------
     0 | D        | equalderp2856 the Felid Summoner began the quest for the Orb.
     0 | D        | Reached XP level 1. HP: 7/7 MP: 4/4
    78 | D        | Reached skill level 5 in Summonings
   117 | D        | Reached XP level 2. HP: 11/11 MP: 6/6
   537 | D        | Slain by a quasit

Skill      XL: |  1  2 |
---------------+-------+-----
Stealth        | 3 |  3.6
Summonings     | 5 |  5.7
Dodging        | 3 |  3.0
Fighting       | |  0.2
Unarmed Combat | |  0.2
Spellcasting   | |  2.7

Action                   || total
-------------------------++-------
Melee: Unarmed           ||     6
       Bite              ||     1
 Cast: Summon Small Mamm ||    15
 Stab: Sleeping          ||     2
Armor: Skin              ||     3
Dodge: Dodged            ||    34
